 Dungeon Crawl Stone Soup version 0.20-a0-214-gb74cb0e (webtiles) character file.

2 deepsabbath the Firebug (level 1, 0/10 HPs)
             Began as a Deep Elf Fire Elementalist on Nov 27, 2016.
             Was an Initiate of Elyvilon.
             Slain by an adder (2 damage)
             ... on level 3 of the Dungeon.
             The game lasted 00:01:27 (221 turns).

deepsabbath the Firebug (Deep Elf Fire Elementalist) Turns: 221, Time: 00:01:28

Health: 0/10       AC:  2    Str:  5    XL:     1   Next: 25%
Magic:  6/6        EV: 13    Int: 19    God:    Elyvilon [......]
Gold:   7          SH:  0    Dex: 15    Spells: 5/6 levels left

rFire  . . .     SeeInvis .     (no weapon)
rCold  . . .     Gourm    .     a - +0 robe
rNeg   . . .     Faith    .     (no shield)
rPois  .         Spirit   .     (no helmet)
rElec  .         Reflect  .     (no cloak)
rCorr  .         Harm     .     (no gloves)
MR     .....                    (no boots)
Stlth  ++........               (no amulet)
                                (no ring)
                                (no ring)

@: no status effects
A: no striking features
a: Renounce Religion


You were on level 3 of the Dungeon.
You worshipped Elyvilon.
Elyvilon was noncommittal.
You were not hungry.

You visited 1 branch of the dungeon, and saw 3 of its levels.

You collected 7 gold pieces.

Inventory:

Missiles
 e - 5 tomahawks (quivered)
Armour
 a - a +0 robe (worn)
Books
 b - a book of Flames
Comestibles
 c - 2 bread rations {@e1}


   Skills:
 + Level 2.4 Dodging
 + Level 2.6 Stealth
 + Level 3.0 Spellcasting
 + Level 1.1 Conjurations
 + Level 3.3 Fire Magic


You had 5 spell levels left.
You knew the following spells:

 Your Spells              Type           Power        Failure   Level  Hunger
a - Flame Tongue          Conj/Fire      ##...        10%         1    None


Dungeon Overview and Level Annotations

Branches:
Dungeon (3/15)

Altars:
Elyvilon
Gozag
The Shining One


Message History

There is an open door here.
You take 2 damage, and have 4/10 hp.
The kobold throws a stone.
The stone hits you but does no damage.
You see here a stone.
You see here a silvery potion.
It was a potion of heal wounds.
You feel much better. The goblin hits you with a dagger.
You regained 4 hp, and now have 8/10 hp.
The goblin hits you but does no damage. The giant cockroach barely misses you.
The kobold misses you. The giant cockroach barely misses you.
The goblin hits you with a dagger.
You take 4 damage, and have 4/10 hp.
MASSIVE DAMAGE!!
The giant cockroach bites you.
* * * LOW HITPOINT WARNING * * *
You take 2 damage, and have 2/10 hp.
The giant cockroach closely misses you.
The giant cockroach waves its antennae.
The giant cockroach barely misses you.
You see here a glowing cloak.
The giant cockroach bites you.
* * * LOW HITPOINT WARNING * * *
You take 1 damage, and have 1/10 hp.
You feel much better. The giant cockroach closely misses you.
Health restored: 10 The giant cockroach closely misses you.
The giant cockroach waves its antennae.
There is a stone staircase leading down here.
The giant cockroach bites you but does no damage.
You climb downwards.
There is a stone staircase leading up here.
You closely miss the giant cockroach.
The giant cockroach bites you but does no damage.
You hit the giant cockroach but do no damage.
The giant cockroach barely misses you.
You hit the giant cockroach. The giant cockroach misses you.
The giant cockroach closely misses you.
You hit the giant cockroach. The giant cockroach closely misses you.
You hit the giant cockroach but do no damage.
The giant cockroach bites you.
You take 1 damage, and have 9/10 hp.
You hit the giant cockroach but do no damage.
The giant cockroach bites you but does no damage.
You barely miss the giant cockroach. The giant cockroach closely misses you.
You closely miss the giant cockroach. The giant cockroach barely misses you.
The giant cockroach bites you but does no damage.
You closely miss the giant cockroach. The giant cockroach closely misses you.
You hit the giant cockroach but do no damage.
The giant cockroach bites you but does no damage.
You hit the giant cockroach but do no damage.
The giant cockroach closely misses you.
You hit the giant cockroach.
You kill the giant cockroach!
You see here a giant cockroach corpse.
Okay, then.
You start resting.
Health restored: 10 You see here a giant cockroach corpse.
c - 2 bread rations {@e1} (gained 1)
A frilled lizard comes into view.
You see here 5 tomahawks.
The helpless frilled lizard fails to defend itself.
You hit the frilled lizard. The frilled lizard bites you.
You take 1 damage, and have 9/10 hp.
You closely miss the frilled lizard.
The frilled lizard completely misses you.
You hit the frilled lizard.
You kill the frilled lizard!
No target in view!
You see here a frilled lizard corpse.
You see here 5 tomahawks.
e - 5 tomahawks You start resting.
Health restored: 10 A kobold comes into view.
It is wielding a short sword.
A worm comes into view.
An adder comes into view.
You barely miss the adder. The adder barely misses you.
You barely miss the adder. The adder bites you.
The adder bites you but does no damage.
You take 1 damage, and have 9/10 hp.
You hit the adder but do no damage. The adder bites you.
You take 4 damage, and have 5/10 hp.
MASSIVE DAMAGE!!
You aren't carrying any potions.
As you read the scroll labeled YTOPHE QYGH, it crumbles to dust.
It is a scroll of identify.
You don't have any unidentified items.
The adder closely misses you.
You miss the adder. The adder closely misses you.
You barely miss the adder. The adder closely misses you.
The adder barely misses you.
You barely miss the adder. The adder bites you.
* * * LOW HITPOINT WARNING * * *
You take 3 damage, and have 2/10 hp.
MASSIVE DAMAGE!!
You hit the adder but do no damage. The adder closely misses you.
You hit the adder. The adder misses you. The adder bites you.
You die...

#.##.#.# #.##.#.# .#
### ... #......# ..
##.. ...
####.#.###........ ....
#.........#.# #.# .....
#......##..####.##.....
#......................
#..##...........S....#
#......##.#####@#
##.###.##.......# #.#
#.......####
##.###.......######..
##...................K
..............######.w
#######.......#
#.......# #†......#


You could see an adder.

Vanquished Creatures
  A giant cockroach (D:3)
  A frilled lizard (D:3)
2 creatures vanquished.

Notes
Turn   | Place    | Note
-------+----------+-------------------------------------------
     0 | D:1      | deepsabbath the Deep Elf Fire Elementalist began the quest for the Orb.
     0 | D:1      | Reached XP level 1. HP: 10/10 MP: 6/6
     8 | D:1      | You fall through a shaft!
    53 | D:2      | Found a white marble altar of Elyvilon.
    53 | D:2      | Found a glowing golden altar of the Shining One.
    54 | D:2      | Found an opulent altar of Gozag.
    63 | D:2      | Became a worshipper of Elyvilon the Healer
    81 | D:2      | HP: 2/10 [giant cockroach (2)]
    97 | D:2      | HP: 1/10 [giant cockroach (1)]
   219 | D:3      | HP: 2/10 [adder (3)]
   221 | D:3      | Slain by an adder

Vault maps used:
D:1:      ncdulo_smallfort, kennysheep_another_room,
          minmay_misc_feat_more_columns
D:2:      gammafunk_temple_overflow_claw
D:3:      lemuel_round_altar

Action                   || total
-------------------------++-------
Melee: Unarmed           ||    23
  Use: Potion            ||     2
       Scroll            ||     1
 Stab: Sleeping          ||     1
Armor: Robe              ||     6
Dodge: Dodged            ||    32

Vault maps used:
D:1:      ncdulo_smallfort, kennysheep_another_room,
          minmay_misc_feat_more_columns
D:2:      gammafunk_temple_overflow_claw
D:3:      lemuel_round_altar

Table legend:
 A = Turns spent in this place as a percentage of turns spent in the entire game.
 B = Non-inter-level travel turns spent in this place as a percentage of non-inter-level travel turns spent in the entire game.
 C = Inter-level travel turns spent in this place as a percentage of turns spent in this place.
 D = Turns resting spent in this place as a percentage of non-inter-level travel turns spent in this place.
 E = Turns spent auto-exploring this place as a percentage of non-inter-level travel turns spent in this place.
 F = Non-inter-level travel turns spent in this place divided by the number of levels of this place that you've seen.
                   A       B       C       D       E      F
               +-------+-------+-------+-------+-------+----------------------
         Total | 100.0 | 100.0 |   0.0 |   2.5 |   2.5 |  53.0
       Dungeon | 100.0 | 100.0 |   0.0 |   2.5 |   2.5 |  53.0
               +-------+-------+-------+-------+-------+----------------------

Table legend:
 A = Kills in this place as a percentage of kills in entire the game.
 B = Kills by you in this place as a percentage of kills by you in the entire game.
 C = Kills by friends in this place as a percentage of kills by friends in the entire game.
 D = Other kills in this place as a percentage of other kills in the entire game.
 E = Experience gained in this place as a percentage of experience gained in the entire game.
 F = Experience gained in this place divided by the number of levels of this place that you have seen.
                   A       B       C       D       E      F
               +-------+-------+-------+-------+-------+----------------------
         Total | 100.0 | 100.0 |  -nan |  -nan | 100.0 |   1.0
       Dungeon | 100.0 | 100.0 |  -nan |  -nan | 100.0 |   1.0
               +-------+-------+-------+-------+-------+----------------------
